Map: Orbital Shipyard

Players

wabbajack - Winner!

  • Race: Zerg Zerg
  • League: Gold

samAel

  • Race: Protoss Protoss
  • League: Silver

VOD

Have the link to the VOD?

Description

Time

  • Played on: July 21, 2015, 1:35 p.m.
  • Length: 11:41
Show
View Real Time Build Order
Export as new Build Order

wabbajack Zerg - Winner!

Build Orders: Hatch First 

Get SALT Encoding   

  12  0:01  Drone  
  13  0:13  Overlord  
  13  0:18  Drone  
  14  0:23  Drone, Extractor  
  15  0:32  Drone  
  16  0:36  Drone  
  17  0:54  Hatchery  
  17  0:55  Extractor  
  15  0:59  Drone  
  15  1:01  Drone  
  17  1:19  Spawning Pool  
  17  1:22  Drone x2  
  18  1:29  Drone  
  19  1:39  Overlord  
  19  1:56  Drone  
  20  2:05  Queen  
  20  2:06  Queen  
  24  2:13  Roach Warren  
  24  2:14  Drone x2  
  25  2:23  Drone  
  25  2:28  Drone  
  25  2:29  Drone x2  
  29  2:36  Metabolic Boost  
  29  2:42  Overlord  
  29  2:44  Overlord  
  29  2:54  Roach x2  
  29  2:55  Roach  
  35  3:04  Zergling x2  
  36  3:08  Overlord  
  36  3:21  Roach x2  
  36  3:23  Roach x2  
  36  3:24  Roach x2  
  48  3:34  Roach  
  50  3:41  Overlord  
  50  3:43  Zergling x4  
  50  3:44  Zergling x4  
  54  3:59  Zergling x6  
  54  4:00  Zergling x2  
  58  4:07  Zergling x2  
  58  4:08  Zergling x10  
  64  4:17  Overlord  
  64  4:23  Zergling x8  
  60  5:01  Hatchery  
  37  5:33  Zergling x8  
  37  5:35  Zergling x8  
  43  5:42  Pneumatized Carapace  
  42  5:47  Lair  
  42  5:48  Roach Warren  
  41  5:50  Drone  
  41  5:51  Drone x5  
  47  6:08  Hatchery  
  46  6:27  Queen  
  46  6:29  Drone x5  
  46  6:30  Drone x6  
  55  7:03  Hydralisk Den  
  55  7:05  Extractor  
  55  7:07  Extractor  
  50  7:12  Drone  
  50  7:13  Drone x13  
  63  7:19  Queen  
  64  7:24  Overlord x4  
  64  7:31  Evolution Chamber  
  64  7:34  Muscular Augments  
  64  7:35  Roach x6  
  75  7:41  Spine Crawler  
  75  7:42  Spine Crawler  
  73  7:51  Drone x2  
  75  8:09  Zerg Missile Weapons Level 1  
  75  8:13  Zergling x8  
  75  8:14  Zergling x4  
  75  8:15  Zergling x4  
  75  8:19  Spore Crawler  
  76  8:54  Zergling x2  
  76  8:55  Hydralisk x5  
  77  8:56  Hydralisk x2  
  77  8:57  Zergling x2  
  77  8:58  Zergling x34  
  104  9:39  Lurker Den  
  104  9:41  Drone x4  
  104  9:42  Drone  
  104  9:43  Overlord, Extractor  
  104  9:44  Overlord x6  
  104  9:45  Extractor  
  107  9:46  Drone x3  
  107  9:48  Drone x3  
  113  9:55  Glial Reconstitution  
  113  10:02  Extractor  
  113  10:03  Drone  
  113  10:04  Drone x2  
  115  10:09  Roach x9  
  133  10:17  Infestation Pit  
  132  10:31  Overseer  
  132  10:39  Evolution Chamber, Zergling x18  
  132  10:40  Zergling x16  
  148  10:47  Zergling x2  
  149  10:50  Zergling x2  
  149  10:51  Zergling x4  
Show
View Real Time Build Order
Export as new Build Order

samAel Protoss 

Build Orders:  

Get SALT Encoding   

  12  0:01  Probe  
  13  0:16  Pylon  
  13  0:21  Probe  
  14  0:39  Probe (Chrono Boost)  
  14  0:40  Gateway  
  15  0:49  Probe (Chrono Boost)  
  16  0:57  Forge  
  16  1:00  Probe (Chrono Boost)  
  16  1:02  Assimilator  
  18  1:12  Probe (Chrono Boost)  
  18  1:20  Probe (Chrono Boost)  
  18  1:21  Pylon  
  19  1:29  Cybernetics Core  
  19  1:32  Photon Cannon  
  19  1:44  Zealot (Chrono Boost)  
  21  1:47  Probe  
  22  1:59  Probe  
  23  2:06  Warp Gate  
  23  2:18  Nexus  
  23  2:26  Probe (Chrono Boost), Assimilator  
  24  2:34  Adept  
  24  2:36  Probe (Chrono Boost)  
  27  2:54  Protoss Ground Weapons Level 1 (Chrono Boost)  
  27  2:58  Gateway  
  27  3:00  Probe  
  28  3:09  Pylon  
  28  3:11  Adept  
  30  3:18  Pylon  
  31  3:27  Probe  
  31  3:31  Robotics Facility  
  31  3:40  Probe x2 (Chrono Boost)  
  33  3:51  Probe x2 (Chrono Boost)  
  36  4:02  Probe (Chrono Boost)  
  36  4:08  Probe (Chrono Boost)  
  37  4:12  Probe (Chrono Boost)  
  37  4:13  Sentry, Stalker  
  37  4:16  Probe (Chrono Boost)  
  43  4:19  Probe  
  43  4:20  Immortal (Chrono Boost)  
  48  4:27  Probe  
  48  4:29  Pylon  
  49  4:32  Probe  
  49  4:37  Adept  
  52  4:38  Adept  
  54  4:49  Gateway  
  54  4:59  Adept  
  54  5:00  Adept  
  33  5:21  Adept x2  
  29  5:44  Sentry  
  29  5:45  Sentry  
  33  5:58  Probe (Chrono Boost)  
  35  6:04  Probe (Chrono Boost)  
  35  6:08  Probe (Chrono Boost)  
  35  6:09  Zealot x3  
  43  6:13  Probe (Chrono Boost)  
  43  6:15  Probe (Chrono Boost)  
  43  6:16  Assimilator  
  44  6:24  Probe (Chrono Boost)  
  46  6:27  Probe (Chrono Boost)  
  46  6:31  Probe (Chrono Boost)  
  47  6:33  Probe (Chrono Boost)  
  47  6:35  Adept x2  
  47  6:38  Adept  
  54  6:40  Probe  
  54  6:45  Probe  
  56  6:52  Probe  
  54  7:04  Stalker x2  
  54  7:08  Probe  
  54  7:30  Adept x3  
  60  7:39  Pylon  
  60  7:46  Protoss Ground Armor Level 1 (Chrono Boost)  
  60  7:57  Probe x2, Pylon  
  62  8:03  Observer (Chrono Boost)  
  63  8:09  Probe x2  
  65  8:13  Adept  
  65  8:15  Adept  
  69  8:49  Adept x3  
  69  8:55  Probe (Chrono Boost)  
  76  9:02  Pylon  
  76  9:04  Pylon  
  76  9:20  Probe x2  
  78  9:29  Adept x3  
  82  9:32  Probe x2  
  84  9:44  Probe x2 (Chrono Boost)  
  87  9:54  Probe x2 (Chrono Boost)  
  87  9:56  Forge  
  87  9:57  Immortal (Chrono Boost)  
  92  10:15  Nexus  
  92  10:32  Photon Cannon  
  92  10:34  Photon Cannon  
  92  10:35  Pylon  
  92  10:54  Immortal (Chrono Boost)  
  92  10:55  Pylon  
  96  10:58  Adept  
  96  10:59  Pylon  
  96  11:01  Pylon  
  96  11:03  Pylon  
  98  11:09  Pylon  
  98  11:14  Robotics Bay  
  98  11:24  Zealot x3  
Tags
 
Add a new tag
Caveats
  • Supply blocks, unpowered buildings, or Contaminate may cause inaccurate times.
  • Supply counts are checked every 10 seconds.